 Dungeon Crawl Stone Soup version 0.30-a0-373-gd37427bb62 (webtiles) character file.

Game seed: 12855632755265046040

261 funkygono the Firebug (level 5, -2/35 HPs)
             Began as a Demonspawn Fire Elementalist on Nov 23, 2022.
             Slain by a scorpion (6 damage)
             ... on level 4 of the Dungeon.
             The game lasted 00:04:08 (2631 turns).

funkygono the Firebug (DsFE)                        Turns: 2631, Time: 00:04:09

Health: -2/35      AC:  4    Str:  8    XL:     5   Next: 96%
Magic:  4/10       EV: 12    Int: 19    God:
Gold:   137        SH:  0    Dex: 13    Spells: 1/11 levels left

rFire   . . .      SeeInvis .    k - +3 dagger (drain)
rCold   . . .      Faith    .    (no shield)
rNeg    . . .      Spirit   .    a - +0 robe
rPois   .          Reflect  .    f - +1 helmet
rElec   .          Harm     .    (no cloak)
rCorr   .          Rampage  .    (no gloves)
Will    .....                    (no boots)
Stlth   ++........               (no amulet)
HPRegen 0.25/turn                (no ring)
MPRegen 0.12/turn                (no ring)

@: lethally poisoned (-2 -> -7)
A: weakness stinger 1, demonic touch 2
a: no special abilities


You were on level 4 of the Dungeon.
You visited 1 branch of the dungeon, and saw 4 of its levels.

You collected 137 gold pieces.

Inventory:

Hand Weapons
 i - a +3 dagger
 k - a +3 dagger of draining (weapon)
 o - a +0 whip
Armour
 a - a +0 robe (worn)
 f - a +1 helmet (worn)
Wands
 n - a wand of flame (18)
Scrolls
 h - 2 scrolls of teleportation
 m - a scroll of torment
Potions
 d - a potion of lignification
 e - 2 potions of might
 j - 2 potions of curing
 q - a potion of mutation


   Skills:
 + Level 0.2 Fighting
 + Level 2.2 Dodging
 - Level 1.7 Stealth
 + Level 3.9 Spellcasting
 + Level 2.3 Conjurations
 + Level 4.3 Fire Magic


You had one spell level left.
You knew the following spells:

 Your Spells              Type           Power      Damage    Failure   Level
a - Foxfire               Conj/Fire      64%        2x1d7     3%          1
b - Scorch                Fire           40%        2d7       3%          2
c - Kindle Blastsparks    Fire/Tloc/Air  18%        2d11      22%         3
d - Flame Wave            Conj/Fire      16%        2d7       34%         4

Your spell library contained the following spells:

 Spells                   Type           Power      Damage    Failure   Level
 Inner Flame              Hex/Fire       11%        N/A       17%         3
 Gell's Gravitas          Tloc           3%         N/A       38%         3
 Lesser Beckoning         Tloc           6%         N/A       38%         3
 Teleport Other           Tloc           3%         N/A       38%         3


Dungeon Overview and Level Annotations

Branches:
Dungeon (4/15)
 Temple: D:4-7

Altars:


Innate Abilities, Weirdness & Mutations

You have a small tail.
Your touch may inflict irresistible damage on your foes.


Message History

The scorpion is heavily wounded.
The foxfire hits the phantom.
The phantom is severely damaged.
The scorpion stings you.
You are more poisoned.
The scorpion poisons you!
The phantom hits you but does no damage.
Casting: Foxfire (safe; 4% risk of failure)
Confirm with . or Enter, or press ? or * to list all spells.
Flames lash the phantom.
The phantom is almost destroyed.
The phantom's fire resistance burns away.
You feel very sick.
You hear a shout!
The scorpion stings you but does no damage.
A kobold comes into view. It is wielding a +0 dagger.
The phantom hits you.
Casting: Scorch (safe; 4% risk of failure)
Confirm with . or Enter, or press ? or * to list all spells.
You conjure some foxfire!
You feel very sick. The scorpion closely misses you. The phantom hits you.
* * * LOW HITPOINT WARNING * * *
Casting: Foxfire (safe; 4% risk of failure)
Confirm with . or Enter, or press ? or * to list all spells.
Flames lash the phantom.
The phantom is burned terribly!
You destroy the phantom!
* * * LOW HITPOINT WARNING * * *
You feel very sick.
The foxfire hits the scorpion but does no damage.
The scorpion is heavily wounded.
The foxfire hits the scorpion.
The scorpion is heavily wounded.
The scorpion misses you.
Casting: Scorch (safe; 3% risk of failure)
Confirm with . or Enter, or press ? or * to list all spells.
You conjure some foxfire!
* * * LOW HITPOINT WARNING * * *
You feel sick. The scorpion stings you.
You die...

##. ### ##...
#..>#....
#.#...... ###
#........
#####.####.#.....
#............#
#.....v..<...#
#....@s..#.#..#
#.....v.......#
#........#.####
#..K....##.#
#..#...###.#
#..#..## #.# ..
.... ..# ..##.##.
8.


You could see a scorpion (ally target) and a kobold.

Vanquished Creatures
  An ice beast (D:3)
  A phantom (D:4)
  4 adders
  A dart slug (D:1)
  7 ball pythons
  5 bats
  4 endoplasms
  2 giant cockroaches (D:2)
  4 goblins
  2 hobgoblins (D:1)
  2 jackals (D:2)
  5 kobolds
  5 quokkas
  3 frilled lizards
  2 rats
48 creatures vanquished.

Vanquished Creatures (others)
  130 foxfires
130 creatures vanquished.

Grand Total: 178 creatures vanquished

Notes
Turn   | Place    | Note
-------+----------+-------------------------------------------
     0 | D:1      | funkygono the Demonspawn Fire Elementalist began the quest
                  | for the Orb.
     0 | D:1      | Reached XP level 1. HP: 13/13 MP: 3/3
   198 | D:1      | Reached skill level 3 in Fire Magic
   257 | D:1      | Discovered your monstrous ancestry.
   257 | D:1      | Gained mutation: You have a small tail. [demonic ancestry]
   257 | D:1      | Reached XP level 2. HP: 19/19 MP: 0/5
   260 | D:1      | Learned a level 2 spell: Scorch
   798 | D:2      | Gained mutation: Your touch may inflict minor irresistible
                  | damage on your foes. [demonic ancestry]
   798 | D:2      | Reached XP level 3. HP: 24/24 MP: 2/6
  1359 | D:2      | Gained mutation: Your touch may inflict irresistible damage
                  | on your foes. [demonic ancestry]
  1359 | D:2      | Reached XP level 4. HP: 30/30 MP: 4/8
  1871 | D:3      | Noticed an ice beast
  1887 | D:3      | Killed an ice beast
  1888 | D:3      | Reached skill level 4 in Fire Magic
  1888 | D:3      | Reached XP level 5. HP: 7/35 MP: 0/10
  1892 | D:3      | Learned a level 3 spell: Kindle Blastsparks
  1897 | D:3      | Learned a level 4 spell: Flame Wave
  2189 | D:3      | Found a faded altar of an unknown god.
  2614 | D:4      | Noticed a phantom
  2630 | D:4      | Killed a phantom
  2631 | D:4      | Slain by a scorpion

Illustrated notes

Levels and vault maps discovered:
D:1:      psy_arrival_radial02, layout_rooms
D:2:      layout_basic, minmay_splitting_lines, grunt_ministairs_3,
          minmay_heptomino_l4
D:3:      layout_basic, hellmonk_ecumenical_altar_run_dry,
          hangedman_decor_diamond_cutter, minivault_4
D:4:      kennysheep_spiral_hall, layout_loops_ring, small_statue_intersection,
          uniq_ijyb

Skill      XL: |  1  2  3  4 |
---------------+-------------+-----
Fire Magic     | 3 4 |  4.3
Dodging        | 2 |  2.2
Spellcasting   | 3 |  3.9
Conjurations   | 2 |  2.3
Fighting       | |  0.2
Stealth        | |  1.7

Action                   |  1- 3 |  4- 6 || total
-------------------------+-------+-------++-------
Melee: Dagger            |     2 |     5 ||     7
       Tailslap          |       |     1 ||     1
 Cast: Foxfire           |    51 |    23 ||    74
       Scorch            |     2 |    12 ||    14
  Use: Scroll            |       |    10 ||    10
       Potion            |       |     2 ||     2
Armor: Robe              |     3 |     5 ||     8
Dodge: Dodged            |    10 |    11 ||    21

Table legend: (Time is in decaauts)
 A = Elapsed time spent in this place.
 B = Non-inter-level travel time spent in this place.
 C = Inter-level travel time spent in this place.
 D = Time resting spent in this place.
 E = Time spent auto-exploring this place.
 F = Levels seen in this place.
 G = Mean time per level.
                   A        B        C        D        E       F      G
               +--------+--------+--------+--------+--------+-----+--------+
         Total |   2638 |   2580 |     58 |     49 |   2156 |   4 |  659.5 |
       Dungeon |   2638 |   2580 |     58 |     49 |   2156 |   4 |  659.5 |
               +--------+--------+--------+--------+--------+-----+--------+

Top non-repeatable levels by time:
     D:2: 1026 daAuts
     D:3: 855 daAuts
     D:1: 721 daAuts
     D:4: 34 daAuts
